EL
SAN ANTONIO MISSIONS @ JACKSONVILLE SUNS
09/11/2047
 
TOP OF THE 1ST
San Antonio Missions batting - Pitching for Jacksonville Suns : RHP J.P. Wilson
Pitching: RHP J.P. Wilson
Batting: LHB Yeong-hun Joe 0-0: Called Strike
0-1: Ball
1-1: Fly out, F4 (Line Drive, 4, EV 73.8 MPH)
Batting: RHB Juan Espinoza 0-0: Foul Ball, location: 2F
0-1: Ground out 6-3 (Groundball, 6S, EV 72.5 MPH)
Batting: RHB Manny Jurado 0-0: Ball
1-0: Ball
2-0: Foul Ball, location: 2F
2-1: SINGLE (Groundball, 5S, EV 70.0 MPH) (infield hit)
Batting: SHB Hatsuo Miura 0-0: Called Strike
0-1: Ball
1-1: Ball
Manny Jurado steals 2nd base
2-1: Fly out, F5 (Popup, 56S, EV 73.1 MPH)
Top of the 1st over - 0 runs, 1 hit, 0 errors, 1 left on base; San Antonio 0 - Jacksonville 0
BOTTOM OF THE 1ST
Jacksonville Suns batting - Pitching for San Antonio Missions : RHP Andy Dunmire
Pitching: RHP Andy Dunmire
Batting: SHB Jordan Barragan 0-0: Ball
1-0: SINGLE (Groundball, 3S, EV 66.2 MPH) (infield hit)
Batting: RHB Alex Gomez 0-0: Swinging Strike
0-1: Ball
1-1: Ball
2-1: Fielders Choice at 2nd, 3-6 (Groundball, 3, EV 79.4 MPH)
Batting: LHB Carlos Mosqueda 0-0: Ball
1-0: Ball
2-0: Called Strike
2-1: Called Strike
2-2: Foul Ball, location: 2F
2-2: Ball
3-2: Foul Ball, location: 2F
3-2: Foul Ball, location: 2F
3-2: Base on Balls
Alex Gomez to second
Batting: RHB Erik Coleman 0-0: Called Strike
0-1: Foul Ball, location: 2F
0-2: Ball
1-2: Fly out, F9 (Flyball, 9LS, EV 88.8 MPH)
Batting: LHB David Doge 0-0: Called Strike
0-1: Ball
1-1: Ground out U3 (Groundball, 3, EV 88.1 MPH)
Bottom of the 1st over - 0 runs, 1 hit, 0 errors, 2 left on base; San Antonio 0 - Jacksonville 0
TOP OF THE 2ND
San Antonio Missions batting - Pitching for Jacksonville Suns : RHP J.P. Wilson
Batting: LHB Hugo MacBeth 0-0: Ground out 4-3 (Groundball, 4M, EV 83.8 MPH)
Batting: RHB Joe Weissman 0-0: Ball
1-0: Foul Ball, location: 2F
1-1: Ball
2-1: Foul Ball, location: 2F
2-2: Fly out, F9 (Flyball, 9D, EV 89.4 MPH)
Batting: SHB Blake Abbott 0-0: Called Strike
0-1: Ball
1-1: Called Strike
1-2: Ground out U3 (Groundball, 3L, EV 95.6 MPH)
Top of the 2nd over - 0 runs, 0 hits, 0 errors, 0 left on base; San Antonio 0 - Jacksonville 0
BOTTOM OF THE 2ND
Jacksonville Suns batting - Pitching for San Antonio Missions : RHP Andy Dunmire
Batting: RHB Orlando Landa 0-0: Ball
1-0: Ball
2-0: Ball
3-0: Foul Ball, location: 2F
3-1: Called Strike
3-2: Base on Balls
Batting: RHB Len Graham 0-0: Ball
1-0: Ball
2-0: Called Strike
2-1: Ball
3-1: Foul Ball, location: 2F
3-2: Foul Ball, location: 2F
3-2: Strikes out looking
Batting: RHB Masumitsu Sugiura 0-0: Called Strike
Orlando Landa steals 2nd base
0-1: Swinging Strike
0-2: Ground out 3-1 (Groundball, 34, EV 105.0 MPH)
Orlando Landa to third
Batting: RHB Gavin Helton 0-0: Ball
1-0: Ball
2-0: Foul Ball, location: 2F
2-1: Swinging Strike
2-2: Ground out 1-3 (Groundball, 13S, EV 64.4 MPH)
Bottom of the 2nd over - 0 runs, 0 hits, 0 errors, 1 left on base; San Antonio 0 - Jacksonville 0
TOP OF THE 3RD
San Antonio Missions batting - Pitching for Jacksonville Suns : RHP J.P. Wilson
Batting: LHB Josh Slusarczyk 0-0: Ball
1-0: Called Strike
1-1: Ball
2-1: Swinging Strike
2-2: Strikes out swinging, 2-3 out at first.
Batting: RHB Danny Gallegos 0-0: Ball
1-0: Ball
2-0: DOUBLE (Flyball, 8RXD, EV 103.1 MPH)
Batting: LHB Yeong-hun Joe 0-0: Foul Ball, location: 2F
0-1: Fly out, F7 (Flyball, 7D, EV 101.9 MPH)
Runner from 2nd tags up, SAFE at 3rd, no throw by LF
Batting: RHB Juan Espinoza 0-0: Called Strike
0-1: Foul Ball, location: 2F
0-2: Strikes out looking
Top of the 3rd over - 0 runs, 1 hit, 0 errors, 1 left on base; San Antonio 0 - Jacksonville 0
BOTTOM OF THE 3RD
Jacksonville Suns batting - Pitching for San Antonio Missions : RHP Andy Dunmire
Batting: SHB Jordan Barragan 0-0: Ball
1-0: Ball
2-0: Ball
3-0: Called Strike
3-1: Base on Balls
Batting: RHB Alex Gomez 0-0: Swinging Strike
0-1: Ball
1-1: Ball
2-1: Ball
Jordan Barragan is caught stealing 2nd base 2-4
3-1: Foul Ball, location: 2F
3-2: Strikes out swinging
Batting: LHB Carlos Mosqueda 0-0: Ball
1-0: Ball
2-0: Called Strike
2-1: Ball
3-1: Called Strike
3-2: Strikes out looking
Bottom of the 3rd over - 0 runs, 0 hits, 0 errors, 0 left on base; San Antonio 0 - Jacksonville 0
TOP OF THE 4TH
San Antonio Missions batting - Pitching for Jacksonville Suns : RHP J.P. Wilson
Batting: RHB Manny Jurado 0-0: Called Strike
0-1: Ball
1-1: Swinging Strike
1-2: Foul Ball, location: 2F
1-2: Foul Ball, location: 2F
1-2: SINGLE (Groundball, 34S, EV 96.9 MPH)
Batting: SHB Hatsuo Miura 0-0: Called Strike
0-1: Ball
1-1: Foul Ball, location: 2F
1-2: Foul Ball, location: 2F
1-2: Foul Ball, location: 2F
1-2: Ball
2-2: Strikes out swinging
Batting: LHB Hugo MacBeth 0-0: Called Strike
0-1: SINGLE (Line Drive, 8RS, EV 106.2 MPH)
Manny Jurado to second
Batting: RHB Joe Weissman 0-0: Ball
1-0: Ground out 5-3 (Groundball, 56, EV 96.9 MPH)
Manny Jurado to third
Hugo MacBeth to second
Batting: SHB Blake Abbott 0-0: Ball
1-0: Ball
2-0: Ground out U3 (Groundball, 3L, EV 93.1 MPH)
Top of the 4th over - 0 runs, 2 hits, 0 errors, 2 left on base; San Antonio 0 - Jacksonville 0
BOTTOM OF THE 4TH
Jacksonville Suns batting - Pitching for San Antonio Missions : RHP Andy Dunmire
Batting: RHB Erik Coleman 0-0: Called Strike
0-1: Foul Ball, location: 2F
0-2: Foul Ball, location: 2F
0-2: Ball
1-2: Fly out, F8 (Line Drive, 8LM, EV 88.8 MPH)
Batting: LHB David Doge 0-0: Ball
1-0: Ball
2-0: Called Strike
2-1: SINGLE (Groundball, 25, EV 65.0 MPH) (infield hit)
Batting: RHB Orlando Landa 0-0: Ball
1-0: Called Strike
David Doge steals 2nd base
1-1: Ball
2-1: DOUBLE (Line Drive, 5D, EV 108.1 MPH)
David Doge scores
Batting: RHB Len Graham 0-0: Ball
1-0: Foul Ball, location: 2F
1-1: Foul Ball, location: 2F
1-2: Ground out 2-3 (Groundball, 15S, EV 63.1 MPH)
Orlando Landa to third
Batting: RHB Masumitsu Sugiura 0-0: Ball
1-0: Ball
2-0: Foul Ball, location: 2F
2-1: Ball
3-1: Foul Ball, location: 2F
3-2: Base on Balls
Batting: RHB Gavin Helton 0-0: Ground out U3 (Groundball, 3, EV 87.5 MPH)
Bottom of the 4th over - 1 run, 2 hits, 0 errors, 2 left on base; San Antonio 0 - Jacksonville 1
TOP OF THE 5TH
San Antonio Missions batting - Pitching for Jacksonville Suns : RHP J.P. Wilson
Batting: LHB Josh Slusarczyk 0-0: Ball
1-0: Ball
2-0: Called Strike
2-1: Ground out 5-3 (Groundball, 6, EV 93.8 MPH)
Batting: RHB Danny Gallegos 0-0: Ball
1-0: Called Strike
1-1: Ball
2-1: Fly out, F8 (Line Drive, 89M, EV 100.6 MPH)
Batting: LHB Yeong-hun Joe 0-0: Ball
1-0: Ball
2-0: Called Strike
2-1: Ground out 6-3 (Groundball, 6S, EV 87.5 MPH)
Top of the 5th over - 0 runs, 0 hits, 0 errors, 0 left on base; San Antonio 0 - Jacksonville 1
BOTTOM OF THE 5TH
Jacksonville Suns batting - Pitching for San Antonio Missions : RHP Andy Dunmire
Batting: SHB Jordan Barragan 0-0: Ball
1-0: Swinging Strike
1-1: Foul Ball, location: 2F
1-2: Foul Ball, location: 2F
1-2: Foul Ball, location: 2F
1-2: Ball
2-2: Ball
3-2: SINGLE (Line Drive, 8RS, EV 108.8 MPH)
Batting: RHB Alex Gomez 0-0: Swinging Strike
0-1: Ball
1-1: Foul Ball, location: 2F
1-2: Ball
2-2: Fielders Choice at 2nd, 6-4 (Groundball, 6S, EV 85.6 MPH)
Batting: LHB Carlos Mosqueda 0-0: Ball
1-0: Ball
2-0: Called Strike
2-1: DOUBLE (Line Drive, 89M, EV 92.5 MPH)
Alex Gomez to third
Pitching: LHP Tyler Kenney
Batting: RHB Erik Coleman 0-0: Foul Ball, location: 2F
0-1: Ground out 1-3 (Groundball, P, EV 72.5 MPH)
Batting: LHB David Doge 0-0: SINGLE (Groundball, 34D, EV 102.5 MPH)
Alex Gomez scores
Carlos Mosqueda to third
Runner from 3rd tries for Home, throw by RF and OUT! 9-2
Bottom of the 5th over - 1 run, 3 hits, 0 errors, 1 left on base; San Antonio 0 - Jacksonville 2
TOP OF THE 6TH
San Antonio Missions batting - Pitching for Jacksonville Suns : RHP J.P. Wilson
Batting: RHB Juan Espinoza 0-0: Called Strike
0-1: Ball
1-1: Ground out 6-3 (Groundball, 6, EV 86.2 MPH)
Batting: RHB Manny Jurado 0-0: Ball
1-0: Ball
2-0: Called Strike
2-1: Ball
3-1: Foul Ball, location: 2F
3-2: Base on Balls
Batting: SHB Hatsuo Miura 0-0: Ball
Manny Jurado steals 2nd base (no throw)
1-0: Ball
2-0: Ball
3-0: Called Strike
3-1: Foul Ball, location: 2F
3-2: Foul Ball, location: 2F
3-2: Base on Balls
Batting: LHB Hugo MacBeth 0-0: Ball
1-0: Called Strike
1-1: Ball
2-1: Ball
3-1: Base on Balls
Manny Jurado to third
Hatsuo Miura to second
Batting: RHB Joe Weissman 0-0: Called Strike
0-1: Swinging Strike
0-2: SINGLE (Line Drive, 8RS, EV 103.1 MPH)
Manny Jurado scores
Hatsuo Miura to third
Hugo MacBeth to second
Runner from 3rd tries for Home, SAFE, throw by CF to home
Pitching: RHP Alex Garza
Batting: SHB Blake Abbott 0-0: Called Strike
0-1: Ball
1-1: Grounds into double play, U6-3 (Groundball, 4M, EV 83.8 MPH)
Top of the 6th over - 2 runs, 1 hit, 0 errors, 1 left on base; San Antonio 2 - Jacksonville 2
BOTTOM OF THE 6TH
Jacksonville Suns batting - Pitching for San Antonio Missions : LHP Tyler Kenney
Batting: RHB Orlando Landa 0-0: Called Strike
0-1: Fly out, F7 (Flyball, 7S, EV 75.0 MPH)
Batting: RHB Len Graham 0-0: Ball
1-0: Ball
2-0: Ball
3-0: Base on Balls
Batting: RHB Masumitsu Sugiura 0-0: Ball
1-0: Fly out, F8 (Flyball, 8RM, EV 87.5 MPH)
Batting: RHB Gavin Helton 0-0: Ball
1-0: Ball
2-0: Hit by Pitch
Len Graham to second
Batting: SHB Jordan Barragan 0-0: Called Strike
0-1: Ball
1-1: SINGLE (Line Drive, 8LS, EV 100.0 MPH)
Len Graham to third
Gavin Helton to second
Runner from 3rd tries for Home, SAFE, throw by CF to home
Batting: RHB Alex Gomez 0-0: Called Strike
0-1: Ground out 4-3 (Groundball, 4, EV 101.9 MPH)
Bottom of the 6th over - 1 run, 1 hit, 0 errors, 2 left on base; San Antonio 2 - Jacksonville 3
TOP OF THE 7TH
San Antonio Missions batting - Pitching for Jacksonville Suns : RHP Alex Garza
Batting: LHB Josh Slusarczyk 0-0: Fly out, F9 (Flyball, 9, EV 89.4 MPH)
Pinch Hitting: LHB Anthony Mosley 0-0: Ball
1-0: Foul Ball, location: 2F
1-1: Called Strike
1-2: Strikes out swinging
Batting: LHB Yeong-hun Joe 0-0: Called Strike
0-1: Foul Ball, location: 2F
0-2: Ball
1-2: Fly out, F9 (Flyball, 9, EV 85.6 MPH)
Top of the 7th over - 0 runs, 0 hits, 0 errors, 0 left on base; San Antonio 2 - Jacksonville 3
BOTTOM OF THE 7TH
Jacksonville Suns batting - Pitching for San Antonio Missions : LHP Tyler Kenney
Now in LF: Anthony Mosley
Now in CF: Juan Espinoza
Batting: LHB Carlos Mosqueda 0-0: SINGLE (Line Drive, 78S, EV 90.0 MPH)
Batting: RHB Erik Coleman 0-0: Ball
1-0: Ball
2-0: Called Strike
2-1: Foul Ball, location: 2F
2-2: DOUBLE (Flyball, 8LD, EV 94.4 MPH)
Carlos Mosqueda to third
Pinch Runner at 2nd Justin Blakely:
Batting: LHB David Doge 0-0: Ball
1-0: Called Strike
1-1: Ground out U3 (Groundball, 34, EV 103.1 MPH)
Batting: RHB Orlando Landa 0-0: Ball
1-0: Called Strike
1-1: Swinging Strike
1-2: Strikes out swinging
Batting: RHB Len Graham 0-0: Ball
1-0: Ground out 6-3 (Groundball, 6, EV 103.1 MPH)
Bottom of the 7th over - 0 runs, 2 hits, 0 errors, 2 left on base; San Antonio 2 - Jacksonville 3
TOP OF THE 8TH
San Antonio Missions batting - Pitching for Jacksonville Suns : RHP Alex Garza
Now in LF: Ryan Thompson
Batting: RHB Juan Espinoza 0-0: Ball
1-0: Called Strike
1-1: Called Strike
1-2: Ball
2-2: Ground out 6-3 (Groundball, 6, EV 81.2 MPH)
Batting: RHB Manny Jurado 0-0: Swinging Strike
0-1: Swinging Strike
0-2: Ball
1-2: Foul Ball, location: 2F
1-2: Ball
2-2: Foul Ball, location: 2F
2-2: Ball
3-2: Foul Ball, location: 2F
3-2: Base on Balls
Batting: SHB Hatsuo Miura 0-0: Called Strike
0-1: Ball
1-1: Swinging Strike
1-2: Strikes out swinging
Batting: LHB Hugo MacBeth 0-0: Called Strike
0-1: Ball
1-1: Foul Ball, location: 2F
1-2: Strikes out swinging
Top of the 8th over - 0 runs, 0 hits, 0 errors, 1 left on base; San Antonio 2 - Jacksonville 3
BOTTOM OF THE 8TH
Jacksonville Suns batting - Pitching for San Antonio Missions : LHP Tyler Kenney
Pitching: RHP Adrian de la Cerda
Batting: RHB Masumitsu Sugiura 0-0: Ground out 6-3 (Groundball, 6, EV 83.1 MPH)
Batting: RHB Gavin Helton 0-0: Called Strike
0-1: Ball
1-1: Foul Ball, location: 2F
1-2: Foul Ball, location: 2F
1-2: Ball
2-2: Ground out 5-3 (Groundball, 56S, EV 65.6 MPH)
Batting: SHB Jordan Barragan 0-0: Called Strike
0-1: Foul Ball, location: 2F
0-2: Strikes out swinging
Bottom of the 8th over - 0 runs, 0 hits, 0 errors, 0 left on base; San Antonio 2 - Jacksonville 3
TOP OF THE 9TH
San Antonio Missions batting - Pitching for Jacksonville Suns : RHP Alex Garza
Pitching: RHP Jorge Lara
Batting: RHB Joe Weissman 0-0: Ball
1-0: Swinging Strike
1-1: Fly out, F9 (Flyball, 9D, EV 91.9 MPH)
Batting: SHB Blake Abbott 0-0: Called Strike
0-1: Swinging Strike
0-2: Strikes out swinging
Batting: LHB Josh Slusarczyk 0-0: Foul Ball, location: 2F
0-1: Ball
1-1: Fly out, F8 (Flyball, 8RD, EV 87.5 MPH)
Top of the 9th over - 0 runs, 0 hits, 0 errors, 0 left on base; San Antonio 2 - Jacksonville 3
Thursday, December 15th , 2022 - OOTP Baseball 23.9 Build 102